AoeStats
← bkg45

Nomad

509243328Analyzed
4v4 RM · 5d ago on Sep 26, 2026· 39m 29s· 8 players
Game mode
Random Map
Map size
231×231
Population
200
Speed
Normal
Resources
Standard
Victory
Conquest
Starting age
Dark Age
Ending age
Imperial Age
RankedLock teamsTeams togetherTeam positionsShared explorationLock speedFull tech treeHidden civsTurbo modeCheats
Victory
Defeat
🇺🇸 Persians · United States
1314
+10
🇨🇦 Danes · Canada
1278
+11
🇺🇸 Varangians · United States
1267
+12
🇺🇸 Ethiopians · United States
1145
+16
🇸🇻 Saxons · El Salvador
1211
-14
🇨🇦 Japanese · Canada
1197
-13
🇲🇽 Italians · Mexico
1167
-12
🇨🇳 Spanish · China
1118
-10
Sebastián
11:05 Loom
15:17 Feudal Age
16:01 Double-Bit Axe
21:02 Castle Age
19:51 Gold Mining
21:22 Fletching
21:33 Padded Archer Armor
22:58 Medium Warships
30:04 Imperial Age
28:10 Wheelbarrow
30:38 Ballistics
31:50 Bodkin Arrow
31:34 Crossbowman
33:40 Arbalester
37:03 Conscription
37:40 Leather Archer Armor
39:17 Bracer
40:54 Chemistry
C00PAL00P
4:14 Loom
14:56 Feudal Age
15:40 Double-Bit Axe
17:17 Gold Mining
17:42 Scale Mail Armor
17:53 Forging
17:34 Fletching
17:47 Padded Archer Armor
20:37 Castle Age
18:57 Stone Mining
19:28 Arson
21:03 Horse Collar
22:02 Wheelbarrow
21:13 Town Watch
22:00 Squires
21:27 Pikeman
22:41 Heavy Plow
25:24 Bow Saw
25:47 Chain Mail Armor
26:56 Iron Casting
28:57 Fishing Lines
35:24 Imperial Age
32:44 Gambesons
36:26 Conscription
35:54 Halberdier
37:07 Plate Mail Armor
39:10 Blast Furnace
39:43 Chemistry
38:39 Murder Holes
Yaoces
4:07 Loom
13:29 Feudal Age
14:22 Horse Collar
17:36 Castle Age
15:30 Double-Bit Axe
16:10 Fletching
21:02 Town Watch
23:22 Horse Collar
28:47 Bodkin Arrow
30:07 Heavy Plow
30:26 Guard Tower
31:18 Murder Holes
32:51 Forging
32:42 Scale Mail Armor
乔奢费
4:14 Loom
15:16 Feudal Age
20:00 Castle Age
18:20 Double-Bit Axe
18:36 Stone Mining
19:02 Fishing Lines
19:56 Gold Mining
21:36 Bow Saw
21:21 Gillnets
24:32 Bloodlines
24:53 Husbandry
25:02 Padded Archer Armor
29:05 Leather Archer Armor
37:42 Imperial Age
Howie
5:12 Loom
15:41 Feudal Age
18:10 Double-Bit Axe
20:57 Castle Age
19:11 Horse Collar
21:00 Gold Mining
21:05 Stone Mining
23:25 Bow Saw
24:41 Wheelbarrow
27:48 Hand Cart
27:56 Heavy Plow
32:27 Imperial Age
31:26 Scale Barding Armor
31:31 Forging
32:25 Stone Shaft Mining
32:54 Chain Barding Armor
34:43 Masonry
35:16 Iron Casting
37:06 Plate Barding Armor
37:32 Blast Furnace
38:43 Elite Jarl
39:56 Conscription
39:02 Vendel Legacy
39:38 Fletching
39:48 Padded Archer Armor
40:29 Crop Rotation
FEMALE INCA VILLAGER
5:03 Loom
13:43 Feudal Age
17:31 Castle Age
15:33 Double-Bit Axe
18:48 Fletching
18:44 Town Watch
21:10 Bow Saw
26:24 Wheelbarrow
28:31 Forging
28:22 Scale Mail Armor
28:40 Hand Cart
31:04 Imperial Age
28:50 Stone Mining
28:51 Gold Mining
29:41 Scale Mail Armor
29:52 Forging
29:36 Arson
31:11 Gold Shaft Mining
31:10 Squires
32:58 Chemistry
32:19 Ballistics
32:29 Conscription
32:49 Bodkin Arrow
33:30 Iron Casting
33:43 Chain Mail Armor
34:20 Bracer
34:55 Plate Mail Armor
34:26 Bracer
36:00 Blast Furnace
37:07 Murder Holes
37:10 Elite Jomsviking
38:23 Hamask
osteor10
5:39 Loom
14:45 Feudal Age
18:22 Castle Age
19:41 Fletching
19:52 Padded Archer Armor
21:57 Ballistics
21:59 Bodkin Arrow
23:16 Double-Bit Axe
25:45 Wheelbarrow
25:22 Crossbowman
30:52 Bow Saw
31:14 Thumb Ring
35:25 Leather Archer Armor
bkg45
5:02 Loom
13:29 Feudal Age
14:16 Town Watch
17:28 Castle Age
15:15 Double-Bit Axe
15:11 Horse Collar
18:23 Bow Saw
18:30 Heavy Plow
23:29 Wheelbarrow
23:46 Gold Mining
25:15 Hand Cart
26:34 Stone Mining
27:20 Gold Shaft Mining
29:52 Imperial Age
27:20 Fletching
29:28 Bodkin Arrow
30:22 Scale Barding Armor
30:28 Forging
31:34 Chain Barding Armor
31:38 Conscription
31:42 Husbandry
31:53 Bloodlines
31:05 Cavalier
33:04 Iron Casting
33:31 Plate Barding Armor
33:37 Savar
35:45 Blast Furnace
Connection lost

Rejoining the realm…

Still unreachable

The connection could not be restored.

Session expired

The server has moved on; the page needs a fresh start.